 Dungeon Crawl Stone Soup version 0.18.1-6-gd335043 (webtiles) character file.

407 st0uf the Ducker (level 6, -7/53 HPs)
             Began as a Draconian Fighter on May 16, 2016.
             Killed by divine providence
             ... invoked by an orc priest
              (17 damage)
             ... on level 4 of the Dungeon.
             The game lasted 00:14:56 (4053 turns).

st0uf the Ducker (Draconian Fighter)                Turns: 4053, Time: 00:14:58

Health: -7/53      AC:  8    Str: 20    XL:     6   Next: 57%
Magic:  6/6        EV: 11    Int: 12    God:
Gold:   252        SH:  9    Dex: 11    Spells: 0 memorised, 5 levels left

rFire  . . .     SeeInvis .     a - +0 flail
rCold  . . .     Gourm    .     (armour unavailable)
rNeg   . . .     Faith    .     b - +0 shield
rPois  .         Spirit   .     (helmet restricted)
rElec  .         Dismiss  .     w - +0 cloak
rCorr  .         Reflect  .     (no gloves)
SustAt .         Harm     .     r - +0 pair of boots (curse)
MR     .....                    (no amulet)
Stlth  +.........               (no ring)
                                y - +4 ring of intelligence

@: lethally poisoned (-7 -> -13), not resistant to hostile enchantments, very
unstealthy
A: unfitting armour, cold-blooded, AC +6
a: no special abilities


You were on level 4 of the Dungeon.
You were hungry.

You visited 1 branch of the dungeon, and saw 4 of its levels.

You collected 252 gold pieces.

Inventory:

Hand Weapons
 a - a +0 flail (weapon)
Missiles
 j - 88 stones
 o - 5 tomahawks (quivered)
Armour
 b - a +0 shield (worn)
 r - a cursed +0 pair of boots (worn)
 w - a +0 cloak (worn)
Jewellery
 y - a +4 ring of intelligence (left hand)
Wands
 A - a wand of paralysis (18/24)
Scrolls
 h - 4 scrolls of teleportation {unknown}
 i - 2 scrolls of identify {unknown}
 k - 2 scrolls of enchant weapon {unknown}
 l - 5 scrolls of remove curse {unknown}
 q - 3 scrolls of fear {unknown}
 t - a scroll of recharging {unknown}
 u - a scroll of immolation {unknown}
 x - a scroll of enchant armour {unknown}
 B - a scroll of random uselessness {unknown}
Potions
 c - a potion of might
 e - a potion of ambrosia {unknown}
 f - a potion of magic {unknown}
 n - a potion of brilliance {unknown}
 p - a potion of flight {unknown}
 s - a potion of berserk rage {unknown}
 v - a potion of heal wounds
Comestibles
 d - 6 bread rations
 g - 10 fruits
 m - 2 meat rations
 z - 4 chunks of flesh


   Skills:
 + Level 4.4 Fighting
 + Level 3.4 Maces & Flails
 + Level 4.9 Dodging
 + Level 0.6 Stealth
 + Level 4.2 Shields


You had 5 spell levels left.
You didn't know any spells.

Dungeon Overview and Level Annotations

Branches:
Dungeon (4/15)
 Temple: D:4-7

Altars:
Fedhas
Ru


Innate Abilities, Weirdness & Mutations

Your plain brown scales are hard (AC +6).
Your body does not fit into most forms of armour.
You are cold-blooded and may be slowed by cold attacks.


Message History

You feel sick.
The orc priest hits you but does no damage.
You hit the orc priest.
The orc priest is moderately wounded.
You feel sick. The orc priest completely misses you.
You barely miss the orc priest.
The orc priest is moderately wounded.
You feel sick.
The orc priest hits you with a short sword of speed.
* * * LOW HITPOINT WARNING * * *
You closely miss the orc priest.
The orc priest is moderately wounded.
You feel sick. You block the orc priest's attack. x2
You hit the orc priest. You tail-slap the orc priest.
The orc priest is almost dead.
You feel sick.
The orc priest hits you but does no damage.
The orc priest mumbles some strange prayers to Beogh against you.
Beogh smites you!
You die...

.###.#.######.#
.##.#### #.##
.##.###...###..###
.##.##.....##....#
....#..l.h..#....##
###.#......a#.....#
#.#..Z....##....#
..##....o# #....#
### #...# ###@.#
####'########o# #
#............†# #
#.............# #
#.............#
####.########+####
#..#..## #.##....
##.##....##


You could see an orc priest.

Vanquished Creatures
  A scorpion (D:4)
  A howler monkey (D:4)
  A hound (D:4)
  A centaur skeleton (D:4)
  2 orc wizards (D:4)
  3 worker ants (D:4)
  5 adders (D:2)
  2 oozes
  2 worms (D:2)
  2 dart slugs
  2 giant geckos
  3 orcs
  6 giant cockroaches
  4 goblins
  5 hobgoblins
  12 jackals
  6 ball pythons
  6 bats
  4 giant newts
  6 kobolds
  3 rats
77 creatures vanquished.

Notes
Turn   | Place    | Note
--------------------------------------------------------------
     0 | D:1      | st0uf the Draconian Fighter began the quest for the Orb.
     0 | D:1      | Reached XP level 1. HP: 19/19 MP: 1/1
   218 | D:1      | Reached XP level 2. HP: 26/26 MP: 2/2
  1128 | D:2      | Reached XP level 3. HP: 16/31 MP: 3/3
  2014 | D:2      | Reached XP level 4. HP: 37/40 MP: 4/4
  3214 | D:3      | Found a blossoming altar of Fedhas.
  3386 | D:4      | Noticed an ogre
  3436 | D:4      | Reached XP level 5. HP: 29/46 MP: 5/5
  3670 | D:4      | Found a sacrificial altar of Ru.
  3780 | D:4      | Reached XP level 6. HP: 39/52 MP: 6/6
  4045 | D:4      | HP: 2/53 [worker ant (8)]
  4053 | D:4      | Killed from afar by an orc priest

Skill      XL: |  1  2  3  4  5 |
---------------+----------------+-----
Dodging        | 3 4 |  4.9
Fighting       | 4 |  4.4
Maces & Flails | 3 |  3.4
Shields        | 4 |  4.2
Stealth        | |  0.6

Action                   |  1- 3 |  4- 6 || total
-------------------------+-------+-------++-------
Melee: Flail             |   150 |   175 ||   325
       Tailslap          |     6 |    19 ||    25
  Use: Potion            |       |     1 ||     1
 Stab: Sleeping          |     1 |       ||     1
  Eat: Chunk             |     4 |     6 ||    10
Armor: Skin              |    44 |    44 ||    88
Dodge: Dodged            |    76 |    81 ||   157
Block: Shield            |    84 |    99 ||   183
